 Dungeon Crawl Stone Soup version 0.26-a0-649-gf8c6c3aab7 (webtiles) character file.

Game seed: 10463172654496862139

109 DogServant the Shield-Bearer (level 5, -9/46 HPs)
             Began as a Formicid Fighter on Sept 26, 2020.
             Killed from afar by Ijyb (11 damage)
             ... with a bolt of acid
             ... on level 3 of the Dungeon.
             The game lasted 00:03:16 (1828 turns).

DogServant the Shield-Bearer (Formicid Fighter)     Turns: 1828, Time: 00:03:17

Health: -9/46      AC:  3    Str: 21    XL:     5   Next: 13%
Magic:  5/5        EV:  8    Int:  8    God:
Gold:   128        SH: 10    Dex: 12    Spells: 4/4 levels left

rFire    . . .     SeeInvis +   a - +0 trident
rCold    . . .     Faith    .   c - +0 kite shield
rNeg     . . .     Spirit   .   b - +0 scale mail
rPois    .         Reflect  .   (helmet unavailable)
rElec    .         Harm     .   (no cloak)
rCorr    .         Rampage  .   (no gloves)
MR       .....                  (no boots)
Stlth    +.........             (no amulet)
HPRegen  0.15/turn              (no ring)
MPRegen  0.09/turn              (no ring)

@: corroded
A: permanent stasis, dig shafts and tunnels, four strong arms, antennae 3, thin
skeletal structure 1, robust 1
a: Dig, Shaft Self


You were on level 3 of the Dungeon.
You visited 1 branch of the dungeon, and saw 3 of its levels.

You collected 128 gold pieces.

Inventory:

Hand Weapons
 a - a +0 trident (weapon)
Missiles
 e - 10 poisoned darts (quivered)
Armour
 b - a +0 scale mail (worn)
 c - a +0 kite shield (worn)
Jewellery
 m - a cursed amulet of inaccuracy {unknown}
 r - an uncursed ring of ice {unknown}
Wands
 l - a wand of polymorph (6)
Scrolls
 g - 3 scrolls of remove curse {unknown}
 h - a scroll of fog {unknown}
 j - a scroll of blinking {unknown}
 k - a scroll of amnesia {unknown}
 n - 3 scrolls of teleportation {unknown}
 o - a scroll of identify
Potions
 d - 3 potions of might
 f - a potion of stabbing
 i - a potion of mutation
 p - a potion of degeneration {unknown}
 q - 2 potions of curing {unknown}
 s - a potion of haste {unknown}


   Skills:
 - Level 4.0 Fighting
 + Level 3.0 Polearms
 + Level 4.2 Armour
 - Level 4.4 Shields


You had 4 spell levels left.
You didn't know any spells.
Your spell library was empty.

Dungeon Overview and Level Annotations

Branches:
Dungeon (3/15)

Altars:
The Shining One

Annotations:
D:3 Ijyb


Innate Abilities, Weirdness & Mutations

You cannot be hasted, slowed, berserked, paralysed or teleported.
You can dig through walls and to a lower floor.
Your four strong arms can wield two-handed weapons with a shield.
You have a pair of large antennae on your head. (SInv)
You have a somewhat thin skeletal structure. (Dex +2, Stealth)
You are robust. (+10% HP)


Message History

You are too injured to fight recklessly!
You are too injured to fight recklessly!
You are too injured to fight recklessly!
You are too injured to fight recklessly!
You are too injured to fight recklessly!
You are too injured to fight recklessly!
You are too injured to fight recklessly!
You are too injured to fight recklessly!
You are too injured to fight recklessly!
You are too injured to fight recklessly!
You are too injured to fight recklessly!
You are too injured to fight recklessly!
You are too injured to fight recklessly!
You are too injured to fight recklessly!
Okay, then.
Okay, then.
It was a potion of mutation.
You feel extremely strange.
Your bones become slightly less dense.
You feel robust.
Ijyb zaps a wand.
The bolt of acid hits you!
You die...

# # #### # #. ..
######...... .#. . ...
.....#.# #.. .#.#. ...
#......# #........ ....
#......###....#..# ...
#.............#..##.#
.......##<..........###.
........†...[...@.......
####+#.##...####g##.###.
.......##...###...#...
.....#.................
.##....................
.###.#.##.#†............
........................
......†................>
.###...##.#..##...#.###.


You could see Ijyb.

Vanquished Creatures
  Robin (D:2)
  3 adders (D:2)
  3 worms
  2 dart slugs
  3 leopard geckos
  9 bats
  3 giant cockroaches
  9 goblins
  9 hobgoblins
  5 jackals
  2 ball pythons (D:1)
  2 frilled lizards
  3 kobolds (D:1)
  A rat (D:2)
55 creatures vanquished.

Notes
Turn   | Place    | Note
-------+----------+-------------------------------------------
     0 | D:1      | DogServant the Formicid Fighter began the quest for the
                  | Orb.
     0 | D:1      | Reached XP level 1. HP: 18/18 MP: 1/1
   271 | D:1      | Reached XP level 2. HP: 24/24 MP: 2/2
   614 | D:1      | Reached XP level 3. HP: 29/29 MP: 3/3
   856 | D:2      | Found a faded altar of an unknown god.
   868 | D:2      | Noticed Robin
   875 | D:2      | Killed Robin
   965 | D:2      | Reached XP level 4. HP: 36/37 MP: 4/4
   991 | D:2      | Found a glowing golden altar of the Shining One.
  1682 | D:3      | Reached XP level 5. HP: 42/42 MP: 5/5
  1814 | D:3      | Noticed Ijyb
  1827 | D:3      | HP: 2/42 [acid (15)]
  1828 | D:3      | Gained mutation: You have a somewhat thin skeletal
                  | structure. (Dex +2, Stealth) [potion of mutation]
  1828 | D:3      | Gained mutation: You are robust. (+10% HP) [potion of
                  | mutation]
  1828 | D:3      | Killed from afar by Ijyb

Illustrated notes

Levels and vault maps discovered:
D:1:      dpeg_arrival_long_road, layout_basic, minmay_misc_feat_enclosed
D:2:      layout_loops_ring, nicolae_tso_carved_into_rock,
          chequers_ecumenical_altar_simple, uniq_robin
D:3:      layout_basic, nicolae_overflow_crystal_walls, uniq_grinder, uniq_ijyb

Skill      XL: |  1  2  3  4  5 |
---------------+----------------+-----
Shields        | 4 |  4.4
Armour         | 4 |  4.2
Fighting       | 4 |  4.0
Polearms       | 3 |  3.0

Action                   |  1- 3 |  4- 6 || total
-------------------------+-------+-------++-------
Melee: Trident           |    94 |   122 ||   216
  Use: Scroll            |     1 |       ||     1
       Potion            |       |     1 ||     1
Armor: Scale mail        |    38 |    59 ||    97
Dodge: Dodged            |    32 |    43 ||    75
Block: Kite shield       |    44 |    62 ||   106

Table legend: (Time is in decaauts)
 A = Elapsed time spent in this place.
 B = Non-inter-level travel time spent in this place.
 C = Inter-level travel time spent in this place.
 D = Time resting spent in this place.
 E = Time spent auto-exploring this place.
 F = Levels seen in this place.
 G = Mean time per level.
                   A        B        C        D        E       F      G
               +--------+--------+--------+--------+--------+-----+--------+
         Total |   1877 |   1839 |     38 |      0 |   1421 |   3 |  625.7 |
       Dungeon |   1877 |   1839 |     38 |      0 |   1421 |   3 |  625.7 |
               +--------+--------+--------+--------+--------+-----+--------+

Top non-repeatable levels by time:
     D:1: 854 daAuts
     D:2: 844 daAuts
     D:3: 178 daAuts
